 Dungeon Crawl Stone Soup version 0.25.1-2-g60ff931df9 (webtiles) character file.

Game seed: 1561306822671871691

14863 Delamore the Bludgeoner (level 12, -2/64 HPs)
             Began as a Gargoyle Fighter on Aug 23, 2020.
             Was the Champion of Okawaru.
             Slain by an ettin
             ... wielding a +2 vorpal dire flail
              (5 damage)
             ... on level 11 of the Dungeon.
             The game lasted 00:11:46 (10337 turns).

Delamore the Bludgeoner (Gargoyle Fighter)         Turns: 10337, Time: 00:11:47

Health: -2/64      AC: 19    Str: 32    XL:     12   Next: 21%
Magic:  12/12      EV: 10    Int:  6    God:    Okawaru [******]
Gold:   464        SH:  7    Dex: 14    Spells: 11/11 levels left

rFire    . . .     SeeInvis .   z - +1 morningstar
rCold    . . .     Gourm    .   q - +0 buckler
rNeg     + + +     Faith    .   M - +2 ring mail of the Furies {rElec Int-2 Dex+2 Slay+2}
rPois    ∞         Spirit   .   Q - +1 hat of Bad Feelings {rN+ Dex+3}
rElec    +         Reflect  .   s - +0 cloak
rCorr    .         Harm     .   n - +0 pair of gloves
MR       .....                  (no boots)
Stlth    +.........             G - amulet of regeneration
HPRegen  0.60/turn              H - +6 ring of strength
MPRegen  0.13/turn              g - ring of positive energy

@: no status effects
A: negative energy resistance 1, electricity resistance, unbreathing,
petrification resistance, rot immunity, AC +8
a: Heroism, Finesse, Renounce Religion


You were on level 11 of the Dungeon.
You worshipped Okawaru.
Okawaru was exalted by your worship.
You were not hungry.

You visited 2 branches of the dungeon, and saw 12 of its levels.

You collected 584 gold pieces.
You spent 120 gold pieces at shops.

Inventory:

Hand Weapons
 a - a +0 flail
 m - a +3 mace
 z - a +1 morningstar (weapon)
Missiles
 y - 2 javelins (quivered)
Armour
 c - a +0 kite shield
 n - a +0 pair of gloves (worn)
 q - a +0 buckler (worn)
 s - a +0 cloak (worn)
 M - the +2 ring mail of the Furies (worn) {rElec Int-2 Dex+2 Slay+2}
   (Okawaru gifted it to you on level 11 of the Dungeon)

   It affects your intelligence (-2).
   It affects your dexterity (+2).
   It affects your accuracy and damage with ranged weapons and melee attacks
   (+2).
   It insulates you from electricity.
 Q - the +1 hat of Bad Feelings (worn) {rN+ Dex+3}
   (Okawaru gifted it to you on level 11 of the Dungeon)

   It affects your dexterity (+3).
   It protects you from negative energy.
Jewellery
 e - an uncursed ring of flight
 g - a ring of positive energy (right hand)
 G - an amulet of regeneration (around neck)
 H - a +6 ring of strength (left hand)
 K - an uncursed ring of fire
Wands
 b - a wand of flame (15)
 w - a wand of clouds (9)
 B - a wand of polymorph (9)
 L - a wand of acid (6)
 O - a wand of random effects (17)
 P - a wand of iceblast (8)
Scrolls
 h - 3 scrolls of immolation
 i - a scroll of enchant armour {unknown}
 o - 2 scrolls of teleportation
 p - 4 scrolls of enchant weapon
 u - 5 scrolls of remove curse
 v - a scroll of random uselessness {unknown}
 x - 2 scrolls of fear {unknown}
 I - 2 scrolls of amnesia {unknown}
 N - 4 scrolls of identify
Potions
 d - 2 potions of might
 k - 10 potions of curing
 l - a potion of resistance
 r - 4 potions of haste
 t - 3 potions of lignification
 A - 3 potions of heal wounds
 C - a potion of cancellation {unknown}
 D - a potion of berserk rage
 E - a potion of experience {unknown}
 F - 2 potions of brilliance
 J - a potion of degeneration {unknown}
Comestibles
 f - 14 rations
 j - 15 chunks of flesh


   Skills:
 - Level 3.2 Fighting
 - Level 16.0 Maces & Flails
 - Level 3.2 Armour
 + Level 11.2 Shields


You had 11 spell levels left.
You didn't know any spells.
Your spell library contained the following spells:

 Spells                   Type           Power        Failure   Level  Hunger
 Animate Skeleton         Necr           N/A          56%         1    ##.....
 Freeze                   Ice            #...         56%         1    ##.....
 Magic Dart               Conj           #...         56%         1    ##.....
 Pain                     Necr           #...         56%         1    ##.....
 Sting                    Tmut/Pois      #...         56%         1    ##.....
 Summon Small Mammal      Summ           #...         56%         1    ##.....
 Blink                    Tloc           N/A          71%         2    ###....
 Call Imp                 Summ           #.......     71%         2    ###....
 Poisonous Vapours        Pois/Air       #.....       71%         2    ###....
 Slow                     Hex            #.......     71%         2    ###....
 Call Canine Familiar     Summ           #.......     90%         3    ####...
 Conjure Flame            Conj/Fire      #.......     90%         3    ####...
 Frozen Ramparts          Ice            #.....       90%         3    ####...
 Ignite Poison            Fire/Tmut/Pois #.......     90%         3    ####...
 Mephitic Cloud           Conj/Pois/Air  #.......     90%         3    ####...
 Ozocubu's Armour         Chrm/Ice       #.......     90%         3    ####...
 Summon Guardian Golem    Hex/Summ       #.......     90%         3    ####...
 Vampiric Draining        Necr           #.........   90%         3    ####...
 Animate Dead             Necr           N/A          100%        4    #####..
 Hailstorm                Conj/Ice       #.......     100%        4    #####..
 Olgreb's Toxic Radiance  Pois           #.......     100%        4    #####..
 Summon Ice Beast         Ice/Summ       #.......     100%        4    #####..
 Summon Lightning Spire   Summ/Air       #.......     100%        4    #####..
 Agony                    Necr           #.......     100%        5    ######.


Dungeon Overview and Level Annotations

Branches:
Dungeon (11/15)            Temple (1/1) D:5            Lair (0/6) D:10
    Orc (0/2) D:9

Altars:
Ashenzari
Cheibriados
Dithmenos
Elyvilon
Fedhas
Gozag
Hepliaklqana
Kikubaaqudgha
Makhleb
Nemelex Xobeh
Okawaru
Qazlal
Ru
Sif Muna
Trog
Uskayaw
Vehumet
Wu Jian
Xom
Yredelemnul
Zin
The Shining One

Shops:
D:9 !


Innate Abilities, Weirdness & Mutations

You are resistant to torment.
Your stone body is resilient. (AC +8)
You are immune to poison.
You resist negative energy. (rN+)
You are resistant to electric shocks. (rElec)
You can survive without breathing.
You are immune to petrification.
You are immune to rotting.


Message History

You bludgeon the orc wizard!!
You kill the orc wizard!
Okawaru accepts your kill.
You puncture the ettin!
The ettin is lightly wounded.
You thump the ettin!
The ettin is moderately wounded.
The ettin hits you with a +2 vorpal dire flail!
The ettin hits you with a +0 dire flail of holy wrath.
You hit the ettin but do no damage.
The ettin is moderately wounded.
You puncture the ettin!
The ettin is moderately wounded.
You block the ettin's attack. x2
You bludgeon the ettin!!
The ettin is severely wounded.
The ettin hits you with a +2 vorpal dire flail!!!
Ouch! That really hurt!
* * * LOW HITPOINT WARNING * * *
You die...

..#...#.#.# # #....#.#
#..###...# ......#.#
#..#.#.÷(#.# #.#Z...#.#
#.###....##.#.##....#.#
#.# ###.### #.###...
#.# .. #.#.#:# .8.8
.⌠.##).(##.8.8.#
8.........8.8.8.
.⌠.##..@##.8.8. ...
#.#C#[# .8.8 #. ###H###
.## . .#. .# .. . . .#.
.#.. :. .


You could see an ettin and a hippogriff.

Vanquished Creatures
  A centaur warrior (D:11)
  Erica (D:9)
  2 ogre magi (D:11)
  An unseen horror (D:10)
  2 ugly things (D:11)
  2 cyclopes (D:11)
  Joseph (D:9)
  An elephant (D:10)
  4 trolls
  4 hippogriffs
  A spriggan (D:7)
  A wraith (D:10)
  A yak (D:11)
  A wyvern (D:11)
  A basilisk (D:11)
  Eustachio (D:6)
  A vampire mosquito (D:11)
  A hungry ghost (D:11)
  A soldier ant (D:11)
  A water moccasin (D:8)
  14 orc warriors
  4 sky beasts
  2 black bears
  4 ogres
  4 ice beasts
  3 phantoms
  A necrophage (D:7)
  5 centaurs
  4 crocodiles
  6 bullfrogs
  Blork the orc (D:6)
  3 scorpions
  A killer bee (D:11)
  8 wights
  2 howler monkeys
  5 crimson imps
  3 jellies
  A bullfrog skeleton (D:5)
  3 hounds
  11 orc wizards
  Crazy Yiuf (D:2)
  4 centaur skeletons
  6 orc priests
  2 iguanas (D:8)
  9 worker ants
  A hound zombie (D:9)
  2 hound skeletons
  A howler monkey zombie (D:8)
  16 adders
  12 gnolls
  3 shadow imps
  3 oozes
  3 adder skeletons
  An adder zombie (D:9)
  3 worms
  A dart slug (D:2)
  7 leopard geckos
  37 orcs
  A ball python (D:3)
  10 giant cockroaches
  12 goblins
  8 hobgoblins
  3 jackals
  9 kobolds
  3 quokkas
  10 bats
  3 frilled lizards
  A giant cockroach zombie (D:5)
  A jackal zombie (D:5)
  A quokka skeleton (D:8)
  9 rats
297 creatures vanquished.

Vanquished Creatures (others)
  An orc wizard (D:9)
  An orc (D:9)
  A fungus (D:10)
3 creatures vanquished.

Grand Total: 300 creatures vanquished

Notes
Turn   | Place    | Note
-------+----------+-------------------------------------------
     0 | D:1      | Delamore the Gargoyle Fighter began the quest for the Orb.
     0 | D:1      | Reached XP level 1. HP: 14/14 MP: 1/1
   129 | D:1      | Reached XP level 2. HP: 19/19 MP: 2/2
   313 | D:1      | Reached skill level 3 in Maces & Flails
   430 | D:1      | Reached XP level 3. HP: 23/23 MP: 3/3
   925 | D:2      | Reached skill level 4 in Maces & Flails
  1034 | D:2      | Reached XP level 4. HP: 24/28 MP: 4/4
  1465 | D:2      | Found a runed translucent door.
  1466 | D:2      | Noticed Crazy Yiuf
  1938 | D:2      | Reached skill level 5 in Maces & Flails
  1938 | D:2      | Reached XP level 5. HP: 29/32 MP: 5/5
  2377 | D:2      | Killed Crazy Yiuf
  2936 | D:3      | Found a hide-covered altar of Uskayaw.
  2939 | D:3      | Found a stormy altar of Qazlal.
  3310 | D:4      | Reached skill level 6 in Maces & Flails
  3310 | D:4      | Reached XP level 6. HP: 29/37 MP: 6/6
  3991 | D:4      | Got an ichor-stained leather armour
  4002 | D:4      | Identified the +3 leather armour of Wu Jian's Hope {Int+4}
                  | (You found it on level 4 of the Dungeon)
  4050 | D:4      | Reached skill level 7 in Maces & Flails
  4050 | D:4      | Reached XP level 7. HP: 34/41 MP: 7/7
  4585 | D:5      | Entered Level 5 of the Dungeon
  4617 | D:5      | Found a staircase to the Ecumenical Temple.
  4634 | Temple   | Entered the Ecumenical Temple
  4868 | Temple   | Became a worshipper of Warmaster Okawaru
  5037 | D:5      | Reached skill level 8 in Maces & Flails
  5071 | D:5      | Got a masterwork ring mail
  5121 | D:5      | Identified the +0 ring mail of Crawling {rF+ Stlth+} (You
                  | found it on level 5 of the Dungeon)
  5152 | D:5      | Found a sacrificial altar of Ru.
  5164 | D:5      | Found a bloodstained altar of Trog.
  5205 | D:5      | Found a radiant altar of Vehumet.
  5208 | D:5      | Found a glowing silver altar of Zin.
  5216 | D:5      | Reached XP level 8. HP: 46/46 MP: 8/8
  5535 | D:6      | Noticed Eustachio
  5542 | D:6      | Killed Eustachio
  5542 | D:6      | Reached * piety under Okawaru
  5542 | D:6      | Reached skill level 9 in Maces & Flails
  5738 | D:6      | Reached skill level 10 in Maces & Flails
  6072 | D:6      | Noticed Blork the orc
  6082 | D:6      | Killed Blork the orc
  6150 | D:6      | Reached ** piety under Okawaru
  6150 | D:6      | Reached skill level 11 in Maces & Flails
  6150 | D:6      | Reached XP level 9. HP: 39/51 MP: 9/9
  6533 | D:7      | Noticed a troll
  6543 | D:7      | Killed a troll
  6543 | D:7      | Reached skill level 12 in Maces & Flails
  6851 | D:7      | Found a shattered altar of Ashenzari.
  7304 | D:7      | Reached *** piety under Okawaru
  7400 | D:8      | Reached skill level 13 in Maces & Flails
  7540 | D:8      | Reached XP level 10. HP: 45/56 MP: 10/10
  7629 | D:8      | Found a glowing golden altar of the Shining One.
  7987 | D:9      | Reached **** piety under Okawaru
  8127 | D:9      | Noticed Joseph
  8146 | D:10     | Entered Level 10 of the Dungeon
  8268 | D:9      | Killed Joseph
  8268 | D:9      | Reached skill level 14 in Maces & Flails
  8664 | D:9      | Noticed Erica
  8683 | D:9      | Killed Erica
  8683 | D:9      | Reached ***** piety under Okawaru
  8842 | D:9      | Reached skill level 15 in Maces & Flails
  8990 | D:9      | Found Zuppudd's Distillery.
  8993 | D:9      | Bought 2 potions of heal wounds for 120 gold pieces
  9043 | D:9      | Found a staircase to the Orcish Mines.
  9346 | D:10     | Found a staircase to the Lair.
  9346 | D:10     | Noticed an elephant
  9378 | D:10     | Reached XP level 11. HP: 18/60 MP: 3/11
  9394 | D:10     | Killed an unseen horror
  9834 | D:11     | Reached skill level 16 in Maces & Flails
  9906 | D:11     | Found an iron altar of Okawaru.
  9955 | D:11     | Reached skill level 5 in Shields
  9984 | D:11     | Noticed an ogre mage
  9998 | D:11     | Noticed an ogre mage
 10000 | D:11     | Killed an ogre mage
 10000 | D:11     | Received a gift from Okawaru
 10007 | D:11     | Killed an ogre mage
 10020 | D:11     | Got a slimy hat {god gift}
 10041 | D:11     | Noticed a cyclops
 10041 | D:11     | Noticed a purple ugly thing
 10041 | D:11     | Noticed a purple ugly thing
 10045 | D:11     | Noticed a cyclops
 10048 | D:11     | Killed a cyclops
 10061 | D:11     | Killed a green ugly thing
 10092 | D:11     | Killed a purple ugly thing
 10118 | D:11     | Killed a cyclops
 10118 | D:11     | Reached skill level 10 in Shields
 10118 | D:11     | Reached XP level 12. HP: 43/64 MP: 6/12
 10130 | D:11     | Received a gift from Okawaru
 10133 | D:11     | Noticed a centaur warrior
 10143 | D:11     | HP: 3/64 [centaur warrior/arrow (20)]
 10159 | D:11     | Killed a centaur warrior
 10159 | D:11     | Reached ****** piety under Okawaru
 10266 | D:11     | Got a bronze ring mail {god gift}
 10287 | D:11     | Identified the +2 ring mail of the Furies {rElec Int-2
                  | Dex+2 Slay+2} (Okawaru gifted it to you on level 11 of the
                  | Dungeon)
 10297 | D:11     | Identified the +1 hat of Bad Feelings {rN+ Dex+3} (Okawaru
                  | gifted it to you on level 11 of the Dungeon)
 10329 | D:11     | Noticed an ettin
 10337 | D:11     | HP: 3/64 [ettin/+2 vorpal dire flail (44)]
 10337 | D:11     | Slain by an ettin

Illustrated notes

Levels and vault maps discovered:
D:1:      matt_arrival_debris, layout_basic, minmay_worlds_worst_comb
D:2:      layout_basic, minmay_split_cup_large, uniq_crazy_yiuf_cottage
D:3:      layout_loops_ring, minitemple, fountainhead
D:4:      layout_basic, chequers_serial_rivers_micro_d, st_stairs_13
D:5:      minmay_opposing_rooms, layout_layer_cave,
          grunt_temple_overflow_cloverleaf, temple_green, first_ration
D:6:      layout_basic, kennysheep_windowed_goal, uniq_blork_the_orc,
          uniq_eustachio
D:7:      layout_basic, kennysheep_little_box, the_bakery, kennysheep_crisscross
D:8:      layout_cave_pools, kennysheep_mini_moat, serial_column_ruins,
          column_ruins_grid_1, column_ruins_corridor_dead_end,
          column_ruins_columns_straight, column_ruins_columns_straight,
          column_ruins_open_tiny_water
D:9:      layout_small_grid, erik_orc_2, serial_shops, kennysheep_mini,
          uniq_erica, uniq_joseph
D:10:     layout_gridville, david_lair_generic
D:11:     minmay_the_grid_square_5x5_5x5 [minmay_the_grid_square_5x5_inset,
          minmay_the_grid_square_5x5_three,
          minmay_the_grid_square_5x5_hollow_slash,
          minmay_the_grid_square_5x5_two_small, minmay_the_grid_square_5x5_tie,
          minmay_the_grid_square_5x5_shuriken,
          minmay_the_grid_square_5x5_prize_junk,
          minmay_the_grid_square_5x5_minibox,
          minmay_the_grid_square_5x5_prize_monsterx,
          minmay_the_grid_square_5x5_tetrominoes,
          minmay_the_grid_square_5x5_doubleslash,
          minmay_the_grid_square_5x5_eight,
          minmay_the_grid_square_5x5_prize_snowflake,
          minmay_the_grid_square_5x5_shrine1,
          minmay_the_grid_square_5x5_trominoes,
          minmay_the_grid_square_5x5_longway,
          minmay_the_grid_square_5x5_prize_waves,
          minmay_the_grid_square_5x5_inner_z,
          minmay_the_grid_square_5x5_prize_itemx,
          minmay_the_grid_square_5x5_fat_x,
          minmay_the_grid_square_5x5_intrusive_squares,
          minmay_the_grid_square_5x5_six_small,
          minmay_the_grid_square_5x5_three_small,
          minmay_the_grid_square_5x5_checkered_statues,
          minmay_the_grid_square_5x5_n_small], layout_basic, nrook_campfire,
          okawaru_humans
Temple:   eino_temple_water

Skill      XL: |  1  2  3  4  5  6  7  8  9 10 11 12 |
---------------+-------------------------------------+-----
Maces & Flails | 3 4 5 6 7 8 11 13 15 16 | 16.0
Shields        | 4 10 11 | 11.2
Fighting       | |  3.2
Armour         | |  3.2

Action                   |  1- 3 |  4- 6 |  7- 9 | 10-12 || total
-------------------------+-------+-------+-------+-------++-------
Melee: Flail             |   124 |   356 |    74 |       ||   554
       Morningstar       |       |       |    35 |   198 ||   233
       Mace              |       |       |   319 |   379 ||   698
Throw: Javelin           |       |       |       |     4 ||     4
Invok: Heroism           |       |       |       |     2 ||     2
       Finesse           |       |       |       |     2 ||     2
  Use: Scroll            |       |       |    12 |       ||    12
       Potion            |       |       |       |     1 ||     1
 Stab: Sleeping          |       |       |     3 |     2 ||     5
  Eat: Chunk             |       |    11 |    12 |     9 ||    32
Armor: Scale mail        |    71 |   227 |       |       ||   298
       Leather armour    |       |     3 |    33 |       ||    36
       Ring mail         |       |       |   150 |   248 ||   398
       Chain mail        |       |       |    12 |       ||    12
       Skin              |       |       |     3 |       ||     3
Dodge: Dodged            |    60 |   148 |   183 |   200 ||   591
Block: Kite shield       |    87 |    47 |       |       ||   134
       Buckler           |       |    68 |    77 |   114 ||   259
